| TOP OF THE 1ST |
|
Buffalo Bisons batting - Pitching for Round Rock Express : LHP John McRight
|
|
Pitching: LHP John McRight
|
|
|
Batting: LHB Michael Byrd
|
0-0: Foul Ball, location: 2F 0-1: Called Strike 0-2: Fly out, F9 (Line Drive, 9S, EV 101.9 MPH)
|
|
Batting: RHB Jeff Garofalo
|
0-0: Ball 1-0: Foul Ball, location: 2F 1-1: Ball 2-1: Ball 3-1: Base on Balls
|
|
Batting: RHB Bill Murray
|
0-0: Ball 1-0: Ball 2-0: Ball 3-0: Base on Balls Jeff Garofalo to second
|
|
Batting: RHB Francisco Hernandez
|
0-0: Swinging Strike 0-1: Ball 1-1: Called Strike 1-2: Ball 2-2: Strikes out swinging
|
|
Batting: LHB Isto Mäyrä
|
0-0: Called Strike 0-1: Swinging Strike 0-2: Ball 1-2: Foul Ball, location: 2F 1-2: Strikes out swinging
|
| Top of the 1st over - 0 runs, 0 hits, 0 errors, 2 left on base; Buffalo 0 - Round Rock 0 |
| BOTTOM OF THE 1ST |
|
Round Rock Express batting - Pitching for Buffalo Bisons : RHP Corey Larimer
|
|
Pitching: RHP Corey Larimer
|
|
|
Batting: RHB Jonathan Rangel
|
0-0: Ball 1-0: Ball 2-0: Foul Ball, location: 2F 2-1: Fly out, F9 (Flyball, 9D, EV 108.8 MPH)
|
|
Batting: RHB Masashi Yukizawa
|
0-0: Ball 1-0: DOUBLE (Flyball, 8RXD, EV 101.2 MPH)
|
|
Batting: RHB Ryan Kinkead
|
0-0: Ball 1-0: Ball 2-0: Foul Ball, location: 2F 2-1: Ball 3-1: Base on Balls
|
|
Batting: RHB Noah Stanley
|
0-0: Foul Ball, location: 2F 0-1: Ball 1-1: Ball 2-1: Fielders Choice at 2nd, 6-4 (Groundball, 6, EV 91.9 MPH) Masashi Yukizawa to third
|
|
Batting: RHB Jarrod Joyce
|
0-0: Called Strike 0-1: Ball 1-1: Ground out 5-3 (Groundball, 56S, EV 82.5 MPH)
|
| Bottom of the 1st over - 0 runs, 1 hit, 0 errors, 2 left on base; Buffalo 0 - Round Rock 0 |
| TOP OF THE 2ND |
|
Buffalo Bisons batting - Pitching for Round Rock Express : LHP John McRight
|
|
Batting: RHB Danny Eberhart
|
0-0: Called Strike 0-1: Called Strike 0-2: Strikes out swinging
|
|
Batting: RHB Väinö Tapaninen
|
0-0: Ball 1-0: Called Strike 1-1: Ball 2-1: Foul Ball, location: 2F 2-2: Ball 3-2: Base on Balls
|
|
Batting: RHB Danny Heyer
|
0-0: Called Strike 0-1: Called Strike 0-2: Ball 1-2: Strikes out swinging
|
|
Batting: RHB Bobby Lasaguna
|
0-0: Fly out, F9 (Flyball, 89S, EV 91.9 MPH)
|
| Top of the 2nd over - 0 runs, 0 hits, 0 errors, 1 left on base; Buffalo 0 - Round Rock 0 |
| BOTTOM OF THE 2ND |
|
Round Rock Express batting - Pitching for Buffalo Bisons : RHP Corey Larimer
|
|
Batting: SHB Dan Lash
|
0-0: Called Strike 0-1: Swinging Strike 0-2: Ball 1-2: Ball 2-2: Strikes out looking
|
|
Batting: LHB Barend van der Kamp
|
0-0: Ball 1-0: Ball 2-0: Fly out, F6 (Line Drive, 6M, EV 91.9 MPH)
|
|
Batting: RHB Adryão Anto
|
0-0: Ground out 5-3 (Groundball, 56, EV 82.5 MPH)
|
| Bottom of the 2nd over - 0 runs, 0 hits, 0 errors, 0 left on base; Buffalo 0 - Round Rock 0 |
| TOP OF THE 3RD |
|
Buffalo Bisons batting - Pitching for Round Rock Express : LHP John McRight
|
|
Batting: LHB Michael Byrd
|
0-0: Called Strike 0-1: Ball 1-1: SINGLE (Groundball, 4D, EV 99.4 MPH)
|
|
Batting: RHB Jeff Garofalo
|
0-0: Called Strike 0-1: SINGLE (Groundball, 4MD, EV 95.6 MPH) Michael Byrd to second
|
|
Batting: RHB Bill Murray
|
0-0: Ball 1-0: DOUBLE (Groundball, 5L, EV 108.8 MPH) Michael Byrd scores Jeff Garofalo to third
|
|
Batting: RHB Francisco Hernandez
|
0-0: Called Strike 0-1: Ball Wild Pitch! Jeff Garofalo scores Bill Murray to third 1-1: Ball 2-1: Swinging Strike 2-2: Foul Ball, location: 2F 2-2: Foul Ball, location: 2F 2-2: Ground out 6-3 (Groundball, 6, EV 81.9 MPH) Bill Murray scores
|
|
Batting: LHB Isto Mäyrä
|
0-0: Foul Ball, location: 2F 0-1: Swinging Strike 0-2: Ball 1-2: Foul Ball, location: 2F 1-2: Ball 2-2: Foul Ball, location: 2F 2-2: Ball 3-2: Fly out, F8 (Flyball, 8LXD, EV 103.1 MPH)
|
|
Batting: RHB Danny Eberhart
|
0-0: Ball 1-0: Ground out 5-3 (Groundball, 5S, EV 66.2 MPH)
|
| Top of the 3rd over - 3 runs, 3 hits, 0 errors, 0 left on base; Buffalo 3 - Round Rock 0 |
| BOTTOM OF THE 3RD |
|
Round Rock Express batting - Pitching for Buffalo Bisons : RHP Corey Larimer
|
|
Batting: RHB Josh Ferguson
|
0-0: Ball 1-0: Bunted foul 1-1: Called Strike 1-2: SOLO HOME RUN (Flyball, 7D, EV 95.0 MPH), Distance : 369 ft
|
|
Batting: RHB Jonathan Rangel
|
0-0: Called Strike 0-1: Foul Ball, location: 2F 0-2: Ball 1-2: SINGLE (Groundball, 4MD, EV 95.0 MPH)
|
|
Batting: RHB Masashi Yukizawa
|
0-0: SINGLE (Line Drive, 34D, EV 95.0 MPH) Jonathan Rangel to second Runner from 2nd tries for 3rd, OUT! 9-5
|
|
Batting: RHB Ryan Kinkead
|
0-0: Called Strike 0-1: Ball 1-1: Foul Ball, location: 2F 1-2: Grounds into double play, 1-6-3 (Groundball, 13S, EV 72.5 MPH)
|
| Bottom of the 3rd over - 1 run, 3 hits, 0 errors, 0 left on base; Buffalo 3 - Round Rock 1 |
| TOP OF THE 4TH |
|
Buffalo Bisons batting - Pitching for Round Rock Express : LHP John McRight
|
|
Batting: RHB Väinö Tapaninen
|
0-0: Called Strike 0-1: Called Strike 0-2: Strikes out swinging
|
|
Batting: RHB Danny Heyer
|
0-0: Foul Ball, location: 2F 0-1: Fly out, F8 (Flyball, 8LM, EV 71.9 MPH)
|
|
Batting: RHB Bobby Lasaguna
|
0-0: Fly out, F8 (Flyball, 89D, EV 104.4 MPH)
|
| Top of the 4th over - 0 runs, 0 hits, 0 errors, 0 left on base; Buffalo 3 - Round Rock 1 |
| BOTTOM OF THE 4TH |
|
Round Rock Express batting - Pitching for Buffalo Bisons : RHP Corey Larimer
|
|
Batting: RHB Noah Stanley
|
0-0: Ball 1-0: Ground out 5-3 (Groundball, 56S, EV 87.5 MPH)
|
|
Batting: RHB Jarrod Joyce
|
0-0: Called Strike 0-1: Foul Ball, location: 2F 0-2: Ball 1-2: Ground out 4-3 (Groundball, 4, EV 81.9 MPH)
|
|
Batting: SHB Dan Lash
|
0-0: Ball 1-0: Ball 2-0: Ball 3-0: Called Strike 3-1: Foul Ball, location: 2F 3-2: Base on Balls
|
|
Batting: LHB Barend van der Kamp
|
0-0: Fly out, F7 (Flyball, 78XD, EV 97.5 MPH)
|
| Bottom of the 4th over - 0 runs, 0 hits, 0 errors, 1 left on base; Buffalo 3 - Round Rock 1 |
| TOP OF THE 5TH |
|
Buffalo Bisons batting - Pitching for Round Rock Express : LHP John McRight
|
|
Batting: LHB Michael Byrd
|
0-0: Foul Ball, location: 2F 0-1: Ball 1-1: Swinging Strike 1-2: Ball 2-2: Foul Ball, location: 2F 2-2: Ball 3-2: Fly out, F7 (Flyball, 7LSF, EV 91.2 MPH)
|
|
Batting: RHB Jeff Garofalo
|
0-0: Ball 1-0: Ball 2-0: Ball 3-0: Called Strike 3-1: Fly out, F8 (Line Drive, 8RM, EV 92.5 MPH)
|
|
Batting: RHB Bill Murray
|
0-0: Ball 1-0: Ball 2-0: Ball 3-0: Base on Balls
|
|
Batting: RHB Francisco Hernandez
|
0-0: Ball 1-0: Called Strike 1-1: Called Strike 1-2: Fly out, F7 (Flyball, 7S, EV 90.6 MPH)
|
| Top of the 5th over - 0 runs, 0 hits, 0 errors, 1 left on base; Buffalo 3 - Round Rock 1 |
| BOTTOM OF THE 5TH |
|
Round Rock Express batting - Pitching for Buffalo Bisons : RHP Corey Larimer
|
|
Batting: RHB Adryão Anto
|
0-0: Ground out 4-3 (Groundball, 4, EV 101.2 MPH)
|
|
Batting: RHB Josh Ferguson
|
0-0: Ball 1-0: Foul Ball, location: 2F 1-1: DOUBLE (Groundball, 5L, EV 96.2 MPH)
|
|
Batting: RHB Jonathan Rangel
|
0-0: Called Strike 0-1: Ball 1-1: Hit by Pitch
|
|
Batting: RHB Masashi Yukizawa
|
0-0: Ball 1-0: Fielders Choice at 2nd, 6-4 (Groundball, 6, EV 82.5 MPH) Josh Ferguson to third
|
|
Batting: RHB Ryan Kinkead
|
0-0: Ball 1-0: Ball 2-0: Ball 3-0: Called Strike 3-1: Foul Ball, location: 2F 3-2: Base on Balls Masashi Yukizawa to second
|
|
Batting: RHB Noah Stanley
|
0-0: Ball 1-0: Called Strike 1-1: Ball 2-1: Swinging Strike 2-2: Foul Ball, location: 2F 2-2: Foul Ball, location: 2F 2-2: Foul Ball, location: 2F 2-2: Ground out U3 (Groundball, 3S, EV 82.5 MPH)
|
| Bottom of the 5th over - 0 runs, 1 hit, 0 errors, 3 left on base; Buffalo 3 - Round Rock 1 |
| TOP OF THE 6TH |
|
Buffalo Bisons batting - Pitching for Round Rock Express : LHP John McRight
|
|
Batting: LHB Isto Mäyrä
|
0-0: Ball 1-0: Called Strike 1-1: Ball 2-1: Foul Ball, location: 2F 2-2: Foul Ball, location: 2F 2-2: Ball 3-2: Base on Balls
|
|
Batting: RHB Danny Eberhart
|
0-0: Called Strike 0-1: Ball 1-1: Ball 2-1: Swinging Strike 2-2: Ball 3-2: Foul Ball, location: 2F 3-2: Ground out 6-3 (Groundball, 6, EV 86.2 MPH) Isto Mäyrä to second
|
|
Batting: RHB Väinö Tapaninen
|
0-0: Ball 1-0: Foul Ball, location: 2F 1-1: Ball 2-1: Foul Ball, location: 2F 2-2: Ground out U3 (Groundball, 34, EV 90.0 MPH) Isto Mäyrä to third
|
|
Pitching: RHP Nick Ehrlich
|
|
|
Pinch Hitting: LHB Jack Bell
|
0-0: Called Strike 0-1: Swinging Strike 0-2: Strikes out swinging
|
| Top of the 6th over - 0 runs, 0 hits, 0 errors, 1 left on base; Buffalo 3 - Round Rock 1 |
| BOTTOM OF THE 6TH |
|
Round Rock Express batting - Pitching for Buffalo Bisons : RHP Corey Larimer
|
|
Now at 2B: Zhi-bin Ou-yang
|
|
|
Batting: RHB Jarrod Joyce
|
0-0: Fly out, F8 (Flyball, 78S, EV 86.2 MPH)
|
|
Batting: SHB Dan Lash
|
0-0: Ball 1-0: Swinging Strike 1-1: Ball 2-1: Ground out 6-3 (Groundball, 6M, EV 88.1 MPH)
|
|
Batting: LHB Barend van der Kamp
|
0-0: DOUBLE (Line Drive, 5D, EV 104.4 MPH)
|
|
Batting: RHB Adryão Anto
|
0-0: Ball 1-0: Called Strike 1-1: Ground out 4-3 (Groundball, 34, EV 99.4 MPH)
|
| Bottom of the 6th over - 0 runs, 1 hit, 0 errors, 1 left on base; Buffalo 3 - Round Rock 1 |
| TOP OF THE 7TH |
|
Buffalo Bisons batting - Pitching for Round Rock Express : RHP Nick Ehrlich
|
|
Batting: RHB Bobby Lasaguna
|
0-0: Ball 1-0: Ball 2-0: SINGLE (Groundball, 25, EV 69.4 MPH) (infield hit)
|
|
Batting: LHB Michael Byrd
|
0-0: Ball 1-0: Bunted foul 1-1: Sac Bunt to 5S - play at first, batter OUT! 5-3 Bobby Lasaguna to second
|
|
Batting: RHB Jeff Garofalo
|
0-0: Ball 1-0: Ball 2-0: Ball 3-0: Base on Balls
|
|
Batting: RHB Bill Murray
|
0-0: Foul Ball, location: 2F 0-1: Foul Ball, location: 2F 0-2: Strikes out looking
|
|
Batting: RHB Francisco Hernandez
|
0-0: Ball 1-0: Ball Jeff Garofalo steals 2nd base Bobby Lasaguna steals 3rd base 2-0: Called Strike 2-1: Foul Ball, location: 2F 2-2: Strikes out swinging
|
| Top of the 7th over - 0 runs, 1 hit, 0 errors, 2 left on base; Buffalo 3 - Round Rock 1 |
| BOTTOM OF THE 7TH |
|
Round Rock Express batting - Pitching for Buffalo Bisons : RHP Corey Larimer
|
|
Now in CF: Bran Stark
|
|
|
Now in RF: Väinö Tapaninen
|
|
|
Batting: RHB Josh Ferguson
|
0-0: Foul Ball, location: 2F 0-1: Fly out, F7 (Flyball, 7, EV 89.4 MPH)
|
|
Batting: RHB Jonathan Rangel
|
0-0: Ball 1-0: Fly out, F6 (Popup, 6MS, EV 51.9 MPH)
|
|
Batting: RHB Masashi Yukizawa
|
0-0: Called Strike 0-1: Called Strike 0-2: SINGLE (Groundball, 56S, EV 76.2 MPH) (infield hit)
|
|
Batting: RHB Ryan Kinkead
|
0-0: SINGLE (Line Drive, 56D, EV 97.5 MPH) Masashi Yukizawa to second Masashi Yukizawa to third
|
|
Pinch Hitting: SHB Pat Wilson
|
0-0: Ball 1-0: Called Strike 1-1: SINGLE (Line Drive, 56D, EV 101.9 MPH) Masashi Yukizawa scores Ryan Kinkead to second
|
|
Pinch Hitting: SHB Javy Rosa
|
0-0: Swinging Strike 0-1: Swinging Strike 0-2: Fielders Choice at 2nd, U4 (Groundball, 4M, EV 83.8 MPH)
|
| Bottom of the 7th over - 1 run, 3 hits, 0 errors, 2 left on base; Buffalo 3 - Round Rock 2 |
| TOP OF THE 8TH |
|
Buffalo Bisons batting - Pitching for Round Rock Express : RHP Nick Ehrlich
|
|
Pitching: LHP Matt Walton
|
|
|
Now at 2B: Doug Hammertime
|
|
|
Now at 3B: Masashi Yukizawa
|
|
|
Now at SS: Jeremy Boerman
|
|
|
Batting: RHB Alex Ramos
|
0-0: Called Strike 0-1: Swinging Strike 0-2: Strikes out swinging
|
|
Batting: RHB Danny Eberhart
|
0-0: Ball 1-0: DOUBLE (Line Drive, 7LS, EV 93.8 MPH)
|
|
Batting: RHB Väinö Tapaninen
|
0-0: SINGLE (Line Drive, 34D, EV 106.9 MPH) Danny Eberhart to third Runner from 3rd tries for Home, SAFE, throw by RF to home
|
|
Batting: RHB Zhi-bin Ou-yang
|
0-0: Called Strike 0-1: Ball 1-1: Ball 2-1: Swinging Strike 2-2: Strikes out swinging
|
|
Batting: RHB Bobby Lasaguna
|
0-0: Ball 1-0: Called Strike 1-1: Ball Wild Pitch! Väinö Tapaninen to second 2-1: Foul Ball, location: 2F 2-2: Ball 3-2: Strikes out looking
|
| Top of the 8th over - 1 run, 2 hits, 0 errors, 1 left on base; Buffalo 4 - Round Rock 2 |
| BOTTOM OF THE 8TH |
|
Round Rock Express batting - Pitching for Buffalo Bisons : RHP Corey Larimer
|
|
Batting: SHB Dan Lash
|
0-0: Ball 1-0: Ball 2-0: Ball 3-0: Base on Balls
|
|
Batting: LHB Barend van der Kamp
|
0-0: Swinging Strike Dan Lash is caught stealing 2nd base 2-6 0-1: Ground out 5-3 (Groundball, 56, EV 86.2 MPH)
|
|
Batting: RHB Adryão Anto
|
0-0: Ball 1-0: Ground out 6-3 (Groundball, 6MS, EV 67.5 MPH)
|
| Bottom of the 8th over - 0 runs, 0 hits, 0 errors, 0 left on base; Buffalo 4 - Round Rock 2 |
| TOP OF THE 9TH |
|
Buffalo Bisons batting - Pitching for Round Rock Express : LHP Matt Walton
|
|
Pitching: RHP Danny Romero
|
|
|
Batting: LHB Michael Byrd
|
0-0: Ball 1-0: Ball 2-0: Ball 3-0: Called Strike 3-1: Called Strike 3-2: SINGLE (Flyball, 6D, EV 92.5 MPH)
|
|
Batting: RHB Jeff Garofalo
|
0-0: Bunt missed! 0-1: Called Strike 0-2: Grounds out, U3 (Groundball, 3L, EV 104.4 MPH)
|
|
Batting: SHB Bran Stark
|
0-0: Swinging Strike 0-1: Ball 1-1: Swinging Strike 1-2: Foul Ball, location: 2F 1-2: Ball 2-2: Ball 3-2: Strikes out swinging
|
|
Batting: RHB Francisco Hernandez
|
0-0: Ball 1-0: Called Strike 1-1: Foul Ball, location: 2F 1-2: Ball 2-2: SINGLE (Groundball, 13S, EV 73.1 MPH) (infield hit) Michael Byrd to third
|
|
Batting: RHB Alex Ramos
|
0-0: Ball 1-0: 3-RUN HOME RUN (Flyball, 78XD, EV 104.4 MPH), Distance : 401 ft
|
|
Batting: RHB Danny Eberhart
|
0-0: Ball 1-0: Ball 2-0: Ground out 2-3 (Groundball, 15S, EV 67.5 MPH)
|
| Top of the 9th over - 3 runs, 3 hits, 0 errors, 0 left on base; Buffalo 7 - Round Rock 2 |
| BOTTOM OF THE 9TH |
|
Round Rock Express batting - Pitching for Buffalo Bisons : RHP Corey Larimer
|
|
Pitching: LHP Mario Amore
|
|
|
Batting: RHB Josh Ferguson
|
0-0: Ball 1-0: Ball 2-0: Ball 3-0: Base on Balls
|
|
Batting: RHB Jonathan Rangel
|
0-0: Foul Ball, location: 2F 0-1: Foul Ball, location: 2F 0-2: Ball 1-2: Strikes out looking
|
|
Batting: RHB Masashi Yukizawa
|
0-0: Called Strike 0-1: Ball 1-1: Ball 2-1: Swinging Strike 2-2: Strikes out looking
|
|
Batting: RHB Ryan Kinkead
|
0-0: SINGLE (Groundball, 34D, EV 101.9 MPH) Josh Ferguson to second
|
|
Batting: RHB Doug Hammertime
|
0-0: Called Strike 0-1: Foul Ball, location: 2F 0-2: Ball 1-2: Foul Ball, location: 2F 1-2: Ground out 6-3 (Groundball, 6M, EV 80.0 MPH)
|
| Bottom of the 9th over - 0 runs, 1 hit, 0 errors, 2 left on base; Buffalo 7 - Round Rock 2 |
|